 Dungeon Crawl Stone Soup version 0.26-b1-25-gafae2e710b (webtiles) character file.

Game seed: 4379229901279514890

49 leafyfresh the Magician (level 3, -6/25 HPs)
             Began as a Gnoll Hedge Wizard on Jan 3, 2021.
             Mangled by a worm (12 damage)
             ... on level 2 of the Dungeon.
             The game lasted 00:02:17 (1787 turns).

leafyfresh the Magician (Gnoll Hedge Wizard)        Turns: 1787, Time: 00:02:18

Health: -6/25      AC:  2    Str: 18    XL:     3   Next: 75%
Magic:  5/11       EV: 14    Int: 17    God:
Gold:   30         SH:  0    Dex: 14    Spells: 5/16 levels left

rFire    . . .     SeeInvis .   a - +0 dagger
rCold    . . .     Faith    .   (no shield)
rNeg     . . .     Spirit   .   b - +0 robe
rPois    .         Reflect  .   c - +0 hat
rElec    .         Harm     .   (no cloak)
rCorr    .         Rampage  .   (no gloves)
Will     .....                  (no boots)
Stlth    +++.......             (no amulet)
HPRegen  0.08/turn              f - +6 ring of strength
MPRegen  0.12/turn              (no ring)

@: no status effects
A: distributed training, fangs 1, strong nose
a: no special abilities


You were on level 2 of the Dungeon.
You visited 1 branch of the dungeon, and saw 2 of its levels.

You collected 30 gold pieces.

Inventory:

Hand Weapons
 a - a +0 dagger (weapon)
Armour
 b - a +0 robe (worn)
 c - a +0 hat (worn)
Jewellery
 f - a +6 ring of strength (left hand)
Scrolls
 d - a scroll of noise {unknown}
 e - 3 scrolls of identify {unknown}
 h - a scroll of blinking {unknown}
 i - a scroll of magic mapping {unknown}
 k - 3 scrolls of fear {unknown}
Potions
 g - a potion of curing {unknown}
 j - a potion of haste {unknown}


   Skills:
 + Level 0.9 Fighting
 + Level 0.9 Short Blades
 + Level 0.9 Long Blades
 + Level 0.9 Axes
 + Level 0.9 Maces & Flails
 + Level 0.9 Polearms
 + Level 0.9 Staves
 + Level 0.9 Slings
 + Level 0.9 Bows
 + Level 0.9 Crossbows
 + Level 0.9 Throwing
 + Level 0.9 Armour
 + Level 4.5 Dodging
 + Level 4.2 Stealth
 + Level 0.9 Shields
 + Level 0.9 Unarmed Combat
 + Level 7.1 Spellcasting
 + Level 2.1 Conjurations
 + Level 0.6 Hexes
 + Level 2.1 Summonings
 + Level 0.6 Necromancy
 + Level 2.1 Translocations
 + Level 0.6 Transmutations
 + Level 0.6 Fire Magic
 + Level 0.6 Ice Magic
 + Level 0.6 Air Magic
 + Level 0.6 Earth Magic
 + Level 0.6 Poison Magic
 + Level 1.0 Invocations
 + Level 0.9 Evocations


You had 5 spell levels left.
You knew the following spells:

 Your Spells              Type           Power        Failure   Level
a - Magic Dart            Conj           52%          4%          1
b - Mephitic Cloud        Conj/Pois/Air  10%          22%         3
c - Blink                 Tloc           N/A          7%          2
d - Conjure Flame         Conj/Fire      10%          19%         3
e - Call Imp              Summ           13%          7%          2

Your spell library contained the following spells:

 Spells                   Type           Power        Failure   Level
 Slow                     Hex            8%           13%         2


Dungeon Overview and Level Annotations

Branches:
Dungeon (2/15)

Altars:
Ashenzari


Innate Abilities, Weirdness & Mutations

Your experience applies equally to all skills.
You have very sharp teeth.
Your uncanny sense of smell can sniff out nearby items.


Message History

The magic dart hits the worm.
The worm is severely wounded.
The worm bites you.
* * * LOW HITPOINT WARNING * * *
Casting: Magic Dart (safe; 4% risk of failure)
Confirm with . or Enter, or press ? or * to list all spells.
Aiming: Magic Dart (safe; 4% risk of failure)
Press: ? - help, Shift-Dir - straight line, f/p - worm
Aim: a worm (severely wounded, 0% to evade)
The magic dart hits the worm.
The worm is severely wounded.
Casting: Magic Dart (safe; 4% risk of failure)
Confirm with . or Enter, or press ? or * to list all spells.
Aiming: Magic Dart (safe; 4% risk of failure)
Press: ? - help, Shift-Dir - straight line, f/p - worm
Aim: a worm (severely wounded, 0% to evade)
The magic dart hits the worm.
The worm is almost dead.
The worm bites you!
You die...

#...##.......########....# ###.#.
#.#.# .#....# ......###.....
#.#.# ...#.# #.##...#...#...
..#.##.....# ... .>....##....
###......# ### ########.###
.##.##....... ########..###
...........## #######........###.
.#........## #.......##########.
#.........# #.@.....# ##†.
......(<..# #..w....# ##...
..........#####.......# #....
......................#######....
.......................÷.........
..........[......###.#....#......
................## #.####..†#...#
####.##........#####.# #.....(..#
###...............##.###..##.....


You could see a worm.

Vanquished Creatures
  An adder (D:2)
  2 oozes
  A worm (D:2)
  A dart slug (D:1)
  3 goblins
  2 hobgoblins (D:2)
  4 jackals (D:1)
  3 kobolds
  A quokka (D:2)
  A ball python (D:2)
  3 bats
  2 frilled lizards
  3 rats
27 creatures vanquished.

Notes
Turn   | Place    | Note
-------+----------+-------------------------------------------
     0 | D:1      | leafyfresh the Gnoll Hedge Wizard began the quest for the
                  | Orb.
     0 | D:1      | Reached XP level 1. HP: 13/13 MP: 8/8
   400 | D:1      | Found a broken altar of Ashenzari.
   512 | D:1      | Reached XP level 2. HP: 20/20 MP: 10/10
   985 | D:2      | Reached XP level 3. HP: 17/25 MP: 2/11
  1289 | D:2      | Reached skill level 1 in Invocations
  1452 | D:2      | Learned a level 3 spell: Mephitic Cloud
  1455 | D:2      | Learned a level 2 spell: Blink
  1459 | D:2      | Learned a level 3 spell: Conjure Flame
  1462 | D:2      | Learned a level 2 spell: Call Imp
  1787 | D:2      | Mangled by a worm

Illustrated notes

Levels and vault maps discovered:
D:1:      minmay_arrival_split_and_join, layout_rooms, minmay_misc_feat_square,
          ashenzari_altar_1
D:2:      layout_rooms, gammafunk_temple_overflow_pools

Skill      XL: |  1  2  3 |
---------------+----------+-----
Conjurations   | 2 |  2.1
Summonings     | 2 |  2.1
Translocations | 2 |  2.1
Invocations    | 1 |  1.0
Fighting       | |  0.9
Short Blades   | |  0.9
Long Blades    | |  0.9
Axes           | |  0.9
Maces & Flails | |  0.9
Polearms       | |  0.9
Staves         | |  0.9
Slings         | |  0.9
Bows           | |  0.9
Crossbows      | |  0.9
Throwing       | |  0.9
Armour         | |  0.9
Dodging        | |  4.5
Stealth        | |  4.2
Shields        | |  0.9
Unarmed Combat | |  0.9
Spellcasting   | |  7.1
Hexes          | |  0.6
Necromancy     | |  0.6
Transmutations | |  0.6
Fire Magic     | |  0.6
Ice Magic      | |  0.6
Air Magic      | |  0.6
Earth Magic    | |  0.6
Poison Magic   | |  0.6
Evocations     | |  0.9

Action                   || total
-------------------------++-------
Melee: Dagger            ||    66
       Bite              ||     9
 Cast: Magic Dart        ||    39
       Blink             ||     1
 Stab: Sleeping          ||     8
Armor: Robe              ||     4
Dodge: Dodged            ||    56
